 Dungeon Crawl Stone Soup version 0.23.2-40-g277498a001 (webtiles) character file.

Game seed: 11266252573637976995

78 Glodfish the Cudgeler (level 4, -1/40 HPs)
             Began as a Draconian Berserker on Sept 12, 2019.
             Was a Believer of Trog.
             Slain by Sigmund
             ... wielding a cursed -2 scythe
              (4 damage)
             ... on level 2 of the Dungeon.
             The game lasted 00:07:15 (1024 turns).

Glodfish the Cudgeler (Draconian Berserker)         Turns: 1024, Time: 00:07:15

Health: -1/40      AC:  5    Str: 25    XL:     4   Next: 15%
Magic:  4/4        EV: 13    Int:  7    God:    Trog [**....]
Gold:   90         SH:  0    Dex: 11    Spells: 3/3 levels left

rFire    . . .     SeeInvis .   a - +0 mace
rCold    . . .     Gourm    .   (no shield)
rNeg     . . .     Faith    .   (armour unavailable)
rPois    .         Spirit   .   (helmet restricted)
rElec    .         Reflect  .   (no cloak)
rCorr    .         Harm     .   (no gloves)
MR       .....                  (no boots)
Stlth    +.........             (no amulet)
HPRegen  0.13/turn              (no ring)
MPRegen  0.09/turn              (no ring)

@: mighty
A: unfitting armour, cold-blooded, AC +5
a: Berserk, Trog's Hand, Renounce Religion


You were on level 2 of the Dungeon.
You worshipped Trog.
Trog was pleased with you.
You were completely stuffed.

You visited 1 branch of the dungeon, and saw 2 of its levels.

You collected 90 gold pieces.

Inventory:

Hand Weapons
 a - a +0 mace (weapon)
Jewellery
 h - an uncursed ring of magical power
Wands
 l - a wand of enslavement (5)
Scrolls
 c - a scroll of fear
 f - 3 scrolls of remove curse
 j - a scroll of magic mapping
Comestibles
 b - 4 rations


   Skills:
 + Level 4.0 Fighting
 + Level 4.1 Maces & Flails
 + Level 3.2 Dodging


You had 3 spell levels left.
You didn't know any spells.
Your spell library was empty.

Dungeon Overview and Level Annotations

Branches:
Dungeon (2/15)

Altars:

Annotations:
D:2 Sigmund


Innate Abilities, Weirdness & Mutations

Your plain brown scales are hard. (AC +5)
You cannot fit into any form of body armour.
You are cold-blooded and may be slowed by cold attacks.


Message History

Sigmund hits you but does no damage. Sigmund hits you but does no damage.
Sigmund hits you from afar with a cursed -2 scythe.
* * * LOW HITPOINT WARNING * * *
Your transformation is almost over.
You feel yourself slow down.
Sigmund hits you from afar with a cursed -2 scythe.
* * * LOW HITPOINT WARNING * * *
Sigmund hits you but does no damage. Sigmund hits you but does no damage.
Sigmund screams, "Die, monster!"
Sigmund hits you but does no damage.
Sigmund hits you from afar with a cursed -2 scythe.
* * * LOW HITPOINT WARNING * * *
You feel less wooden.
Sigmund hits you from afar with a cursed -2 scythe.
* * * LOW HITPOINT WARNING * * *
Sigmund closely misses you.
Sigmund hits you from afar with a cursed -2 scythe.
You die...

#### *,,,....* ...#
*,,,....###### .#.#
*,,,.........# .#.#
*,,,.........# ...#
*,,,,#......?## ...#
*****#..<./...#
...###### #.....@.#*
........#########.#*
###........##...@.#
# #.....##.##.....#
###.....##.##.....#
#.......##.##.....#
..#.....##.##.....#
####+##.##...>....#
...#.##...#....####
.#........#....#
.#...#....+.##.#


You could see Sigmund.

Vanquished Creatures
  An adder (D:2)
  An ooze (D:1)
  2 worms (D:2)
  3 dart slugs (D:1)
  2 leopard geckos
  7 bats
  3 giant cockroaches (D:1)
  7 goblins
  5 hobgoblins
  3 jackals (D:2)
  4 kobolds
  6 frilled lizards
  4 rats
48 creatures vanquished.

Vanquished Creatures (others)
  A kobold (D:2)
1 creature vanquished.

Grand Total: 49 creatures vanquished

Notes
Turn   | Place    | Note
-------+----------+-------------------------------------------
     0 | D:1      | Glodfish the Draconian Berserker began the quest for the
                  | Orb.
     0 | D:1      | Reached XP level 1. HP: 19/19 MP: 1/1
   104 | D:1      | Reached XP level 2. HP: 25/26 MP: 2/2
   244 | D:1      | Reached ** piety under Trog
   258 | D:1      | Reached XP level 3. HP: 33/33 MP: 3/3
   779 | D:2      | Reached XP level 4. HP: 38/40 MP: 4/4
   943 | D:2      | Noticed Sigmund
  1021 | D:2      | HP: 2/40 [Sigmund/cursed -2 scythe (5)]
  1024 | D:2      | Slain by Sigmund

Skill      XL: |  1  2  3  4 |
---------------+-------------+-----
Dodging        | 3 |  3.2
Maces & Flails | 4 |  4.1
Fighting       | 4 |  4.0

Action                   |  1- 3 |  4- 6 || total
-------------------------+-------+-------++-------
Melee: Mace              |   102 |    35 ||   137
       Tailslap          |     7 |     5 ||    12
  Use: Scroll            |     3 |     3 ||     6
       Potion            |       |     3 ||     3
  Eat: Ration            |       |     3 ||     3
Armor: Skin              |    55 |    31 ||    86
Dodge: Dodged            |    85 |    22 ||   107
